 Dungeon Sprint DCSS version 0.19-a0-1185-gacb3972 (webtiles) character file.

79 pasperui the Carver (level 4, 42/42 HPs)
             Began as a Naga Fighter on Aug 18, 2016.
             Was an Initiate of Cheibriados.
             Got out of the dungeon alive.
             The game lasted 00:02:43 (250 turns).

pasperui the Carver (Naga Fighter)                   Turns: 250, Time: 00:02:43

Health: 42/42      AC:  4    Str: 20    XL:     4   Next: 38%
Magic:  4/4        EV:  5    Int: 10    God:    Cheibriados [......]
Gold:   0          SH:  8    Dex: 11    Spells: 0 memorised, 3 levels left

rFire  . . .     SeeInvis +     a - +0 long sword
rCold  . . .     Gourm    .     b - +0 scale mail
rNeg   . . .     Faith    .     c - +0 shield
rPois  +         Spirit   .     (no helmet)
rElec  .         Dismiss  .     (no cloak)
rCorr  .         Reflect  .     (no gloves)
MR     .....     Harm     .     (no barding)
Stlth  .......... NoTele   +    (no amulet)
                                (no ring)
                                (no ring)

@: very slow
A: see invisible, deformed body, poison resistance, slowness 2, slow metabolism
1, spit poison 2, AC +1
a: Spit Poison, Bend Time, Renounce Religion


You escaped.
You worshipped Cheibriados.
Cheibriados was noncommittal.
You were not hungry.

You visited 1 branch

Inventory:

Hand Weapons
 a - a +0 long sword (weapon)
Armour
 b - a +0 scale mail (worn)
 c - a +0 shield (worn)
Scrolls
 k - a scroll of blinking
Potions
 d - a potion of might
 e - a potion of curing
 g - a potion of heal wounds
 h - a potion of haste
 i - 2 potions of magic
Comestibles
 f - a bread ration


   Skills:
 - Level 3.0 Fighting
 * Level 8.5 Long Blades
 - Level 2.4 Armour
 - Level 2.4 Shields


You had 3 spell levels left.
You didn't know any spells.

Dungeon Overview and Level Annotations

Branches:
Dungeon (1/1)

Altars:
Cheibriados
Dithmenos
Elyvilon
Fedhas
Gozag
Hepliaklqana
Kikubaaqudgha
Makhleb
Nemelex Xobeh
Okawaru
Qazlal
Ru
Sif Muna
Trog
Uskayaw
Vehumet
Beogh
Jiyva
Lugonu


Innate Abilities, Weirdness & Mutations

You cannot wear boots.
Your serpentine skin is tough. (AC +1)
You have supernaturally acute eyesight. (SInv)
Armour fits poorly on your strangely shaped body.
Your system is resistant to poisons. (rPois)
You cover ground very slowly.
You have a slow metabolism.
You can spit poison.


Message History

There is a shadowy altar of Dithmenos here.
There is a snail-covered altar of Cheibriados here.
There is a roughly hewn altar of Beogh here.
There is an open door to the Temple here.
There is an open door, spattered with blood here.
Things that are here:
a dagger; a robe; a giant newt skeleton
There is an open door to the Dungeon here.
There is a staircase leading out of the dungeon here.
There is an open door to the Dungeon here.
There is an open door, spattered with blood here.
Things that are here:
a dagger; a robe; a giant newt skeleton
There is an open door, spattered with blood here.
Things that are here:
a dagger; a robe; a giant newt skeleton
There is an open door to the Dungeon here.
There is a staircase leading out of the dungeon here.
Are you sure you want to leave the Dungeon?
This will make you lose the game!
You have escaped!

▓.▓
▓.▓
▓.▓
▓.▓
▓'▓
▓.▓
▓.▓
▓.▓
▓@▓
▓▓▓


There were no monsters in sight!

Vanquished Creatures
  A quasit (D)
  An orc wizard (D)
  An adder (D)
  A dart slug (D)
  3 bats (D)
  A jackal (D)
  2 giant newts (D)
10 creatures vanquished.

Vanquished Creatures (others)
  A spatial maelstrom (D)
1 creature vanquished.

Grand Total: 11 creatures vanquished

Notes
Turn   | Place    | Note
-------+----------+-------------------------------------------
     0 | D        | pasperui the Naga Fighter began the quest for the Orb.
     0 | D        | Reached XP level 1. HP: 21/21 MP: 1/1
     6 | D        | Reached skill level 3 in Long Blades
    10 | D        | Banished a spatial maelstrom
    12 | D        | Reached skill level 4 in Long Blades
    14 | D        | Reached XP level 2. HP: 28/28 MP: 2/2
    28 | D        | Reached skill level 5 in Long Blades
    36 | D        | Reached skill level 7 in Long Blades
    36 | D        | Reached XP level 3. HP: 30/34 MP: 3/3
    42 | D        | Reached skill level 8 in Long Blades
    42 | D        | Reached XP level 4. HP: 33/42 MP: 4/4
    56 | D        | Found a roughly hewn altar of Beogh.
    56 | D        | Found a snail-covered altar of Cheibriados.
    56 | D        | Found a shadowy altar of Dithmenos.
    56 | D        | Found a white marble altar of Elyvilon.
    56 | D        | Found a blossoming altar of Fedhas.
    56 | D        | Found an opulent altar of Gozag.
    57 | D        | Found a hazy altar of Hepliaklqana.
    70 | D        | Found a viscous altar of Jiyva.
    71 | D        | Found an ancient bone altar of Kikubaaqudgha.
    72 | D        | Became a worshipper of Cheibriados the Contemplative
    73 | D        | Found a corrupted altar of Lugonu.
    74 | D        | Found a burning altar of Makhleb.
    75 | D        | Found a sparkling altar of Nemelex Xobeh.
    76 | D        | Found an iron altar of Okawaru.
    77 | D        | Found a stormy altar of Qazlal.
    78 | D        | Found a sacrificial altar of Ru.
    79 | D        | Found a deep blue altar of Sif Muna.
    80 | D        | Found a bloodstained altar of Trog.
    81 | D        | Found a hide-covered altar of Uskayaw.
    82 | D        | Found a radiant altar of Vehumet.
   250 | D        | Got out of the dungeon alive.

Vault maps used:
D:        linesprint

Skill      XL: |  1  2  3 |
---------------+----------+-----
Long Blades    | 4 7 8 |  8.5
Fighting       | |  3.0
Armour         | |  2.4
Shields        | |  2.4

Action                   |  1- 3 |  4- 6 || total
-------------------------+-------+-------++-------
Melee: Long sword        |    29 |       ||    29
  Use: Potion            |     1 |       ||     1
Armor: Scale mail        |    12 |       ||    12
Dodge: Dodged            |     4 |       ||     4
Block: Shield            |    11 |       ||    11
